 Dungeon Crawl Stone Soup version 0.30-a0-652-gcc886f7154 (webtiles) character file.

Game seed: 8438218430183962634

9690 Dittersdorf the Basher (level 11, -12/73 HPs)
             Began as a Gargoyle Fighter on Jan 17, 2023.
             Was a High Priest of Okawaru.
             Killed from afar by a rime drake (27 damage)
             ... with an icy flash freeze
             ... on level 10 of the Dungeon.
             The game lasted 00:15:25 (9748 turns).

Dittersdorf the Basher (Gargoyle Fighter)           Turns: 9748, Time: 00:15:26

Health: -12/73     AC: 25    Str: 23    XL:     11   Next: 50%
Magic:  11/11      EV:  8    Int: 10    God:    Okawaru [*****.]
Gold:   584        SH:  6    Dex:  9    Spells: 10/10 levels left

rFire   . . .      SeeInvis .    b - +1 morningstar (freeze)
rCold   . . .      Faith    .    c - +0 buckler
rNeg    + . .      Spirit   .    f - +0 chain mail
rPois   ∞          Reflect  .    q - +2 helmet
rElec   +          Harm     .    a - +1 cloak
rCorr   .          Rampage  .    (no gloves)
Will    .....                    (no boots)
Stlth   x                          - amulet of regeneration
HPRegen 1.12/turn                (no ring)
MPRegen 0.12/turn                (no ring)

@: studying Maces & Flails
A: sickness immunity, AC +8, negative energy resistance 1, electricity
resistance, torment resistance 1, petrification resistance
a: Renounce Religion, Heroism, Finesse, Duel


You were on level 10 of the Dungeon.
You worshipped Okawaru.
Okawaru was extremely pleased with you.
You visited 1 branch of the dungeon, and saw 11 of its levels.

You collected 584 gold pieces.

Inventory:

Hand Weapons
 b - a +1 morningstar of freezing (weapon)
Missiles
 u - 11 poisoned darts (quivered)
Armour
 a - a +1 cloak (worn)
 c - a +0 buckler (worn)
 f - a +0 chain mail (worn)
 q - a +2 helmet (worn)
Jewellery
 o - a ring of ice
 x - an amulet of regeneration (around neck)
Wands
 n - a wand of flame (36)
 r - a wand of iceblast (14)
Scrolls
 g - 5 scrolls of teleportation
 h - 2 scrolls of poison
 j - a scroll of fear
 s - a scroll of fog
 v - a scroll of blinking {unknown}
 y - 2 scrolls of enchant armour
 A - a scroll of butterflies {unknown}
 B - a scroll of amnesia {unknown}
Potions
 d - a potion of might
 e - 2 potions of magic {unknown}
 i - 4 potions of haste
 k - a potion of ambrosia {unknown}
 l - a potion of mutation {unknown}
 m - a potion of flight {unknown}
 p - 3 potions of brilliance
 t - a potion of lignification {unknown}
 w - a potion of resistance {unknown}
 z - 6 potions of curing {unknown}
 C - a potion of cancellation {unknown}


   Skills:
 + Level 10.3 Fighting
 + Level 10.7 Maces & Flails
 + Level 10.3 Armour
 + Level 10.3 Shields


You had 10 spell levels left.
You didn't know any spells.
Your spell library contained the following spells:

 Spells                   Type           Power      Damage    Failure   Level
 Slow                     Hex            0%         N/A       95%         1
 Ensorcelled Hibernation  Hex/Ice        0%         N/A       98%         2
 Passwall                 Tmut/Erth      0%         N/A       98%         2
 Confusing Touch          Hex            0%         N/A       100%        3
 Swiftness                Air            0%         N/A       100%        3
 Vampiric Draining        Necr           0%         2d6       100%        3
 Leda's Liquefaction      Hex/Erth       0%         N/A       100%        4
 Lee's Rapid Deconstruct  Erth           0%         3d4*      100%        5
 Statue Form              Tmut/Erth      Unusable   N/A       N/A         6

Dungeon Overview and Level Annotations

Branches:
Dungeon (11/15)            Temple (0/1) D:5
   Lair: D:8-11         Orc: D:9-12

Altars:
Cheibriados
Elyvilon
Okawaru
Trog
Uskayaw
Xom
Yredelemnul
Zin

Shops:
D:2 =   D:8 =

Annotations:
D:7 2 transporters, NinjaNoafa's ghost, novice OpIE


Innate Abilities, Weirdness & Mutations

You are immune to sickness and miasma.
Your stone body is resilient. (AC +8)
You are immune to poison.
You resist negative energy. (rN+)
You are resistant to electric shocks. (rElec)
You are resistant to unholy torment.
You are immune to petrification.


Message History

The rime drake bites you but does no damage.
The rime drake attacks as you move away!
The rime drake bites you but does no damage.
You block the polar bear's attack.
The polar bear claws you but does no damage.
The polar bear closely misses you.
The polar bear attacks as you move away!
The polar bear bites you! The polar bear closely misses you.
The polar bear claws you but does no damage.
The rime drake attacks as you move away!
You block the rime drake's attack. The rime drake breathes ice at you.
The icy flash freeze hits you but does no damage.
You are encased in ice.
The polar bear attacks as you move away!
The polar bear completely misses you.
The polar bear claws you but does no damage.
The polar bear closely misses you. The polar bear bites you!
You block the polar bear's attack. The polar bear claws you.
The polar bear bites you.
* * * LOW HITPOINT WARNING * * *
The polar bear claws you.
* * * LOW HITPOINT WARNING * * *
The polar bear closely misses you.
There is a stone staircase leading up here.
The rime drake bites you.
* * * LOW HITPOINT WARNING * * *
The polar bear barely misses you.
The polar bear claws you but does no damage.
You block the polar bear's attack. x2
The polar bear claws you but does no damage. x2
You climb upwards.
The ice encasing you melts away.
There is a stone staircase leading down here.
The polar bear attacks as you move away!
The polar bear bites you but does no damage.
The polar bear claws you but does no damage. x2
The rime drake breathes ice at you. The icy flash freeze hits you!!
You die...

####~~~.#.##### #.###.# #.##.
..............####...#"######.#..
#..~~~~.#.##....####.#........#.#
........#.#...#.##.#.#......#.#.#
~..~≈....[#...#.##.#........#.#§.
~...)............#.#.#........#.#
...............#.#.#.#..........#
~.~.#..........h.............##.#
.....)........h>@............##.#
#.##.#.........k.#.####......##.#
#.##.#...........#.##........##.#
#....#.......#.....###..###.....#
####.#.#####.#...#####.......#..#
###.#.# #.#...#...#.###.#.#..#
#.#.#.#####.#...#...#.# #.#.#...
#.#.........#...#...#.# #.#.#.##
##.....#######...#...#.# #.#.#...


You could see 2 polar bears and a rime drake (catching breath).

Vanquished Creatures
  Pikel (D:5)
  2 ugly things
  Maggie (D:6)
  An unseen horror (D:10)
  Grinder (D:2)
  Sigmund (D:3)
  2 shadows (D:9)
  10 yaks
  2 vampires
  3 wyverns
  3 steam dragons (D:6)
  Edmund (D:6)
  An acid dragon (D:11)
  Duvessa (D:7)
  2 water moccasins
  2 orc warriors
  A black bear (D:5)
  3 ice beasts
  A sky beast (D:6)
  4 ogres (D:5)
  A wolf (D:11)
  3 centaurs
  2 phantoms
  A lemure (D:5)
  2 bullfrogs
  Blork the orc (D:5)
  A gnoll sergeant (D:9)
  5 scorpions
  6 wights (D:9)
  Dowan (D:7)
  8 killer bees
  5 electric eels (D:10)
  8 howler monkeys
  5 jellies
  An orc priest (D:3)
  5 hounds
  Crazy Yiuf (D:6)
  A gnoll bouda (D:7)
  4 iguanas
  Ijyb (D:3)
  2 orc wizards
  Robin (D:3)
  19 gnolls
  5 adders
  A shadow imp (D:5)
  A white imp (D:8)
  An ufetubus (D:6)
  2 worms (D:5)
  7 dart slugs
  19 orcs
  5 ball pythons
  7 bats
  3 endoplasms
  3 giant cockroaches (D:1)
  14 goblins
  10 hobgoblins
  4 jackals (D:2)
  5 quokkas
  3 frilled lizards (D:1)
  5 kobolds
  2 rats
224 creatures vanquished.

Vanquished Creatures (others)
  An iguana (D:6)
  2 gnolls (D:7)
  2 fungi (D:6)
5 creatures vanquished.

Grand Total: 229 creatures vanquished

Notes
Turn   | Place    | Note
-------+----------+-------------------------------------------
     0 | D:1      | Dittersdorf the Gargoyle Fighter began the quest for the
                  | Orb.
     0 | D:1      | Reached XP level 1. HP: 14/14 MP: 1/1
   127 | D:1      | Reached XP level 2. HP: 19/19 MP: 2/2
   155 | D:1      | Found a faded altar of an unknown god.
   520 | D:1      | Reached XP level 3. HP: 24/24 MP: 3/3
   737 | D:2      | Found a basalt altar of Yredelemnul.
  1259 | D:2      | Found Oweuqos's Jewellery Shoppe.
  1385 | D:3      | Noticed Grinder
  1404 | D:2      | Killed Grinder
  1405 | D:2      | Reached XP level 4. HP: 6/30 MP: 4/4
  1405 | D:2      | Reached XP level 5. HP: 7/34 MP: 5/5
  1405 | D:2      | Reached XP level 6. HP: 9/39 MP: 6/6
  1610 | D:3      | Found an iron altar of Okawaru.
  1618 | D:3      | Became a worshipper of Warmaster Okawaru
  1676 | D:3      | Noticed Robin
  1684 | D:3      | Killed Robin
  1945 | D:3      | Noticed Ijyb
  1989 | D:3      | Killed Ijyb
  1990 | D:3      | Reached skill level 5 in Fighting
  1990 | D:3      | Reached skill level 5 in Armour
  2006 | D:3      | Reached skill level 5 in Shields
  2006 | D:3      | Reached XP level 7. HP: 36/44 MP: 7/7
  2124 | D:3      | Found a glowing silver altar of Zin.
  2124 | D:3      | Noticed an angel
  2637 | D:3      | Reached * piety under Okawaru
  2661 | D:3      | Noticed Sigmund
  2689 | D:3      | Killed Sigmund
  3227 | D:4      | Found a white marble altar of Elyvilon.
  3295 | D:4      | Reached XP level 8. HP: 51/51 MP: 8/8
  3593 | D:5      | Entered Level 5 of the Dungeon
  3903 | D:5      | Reached ** piety under Okawaru
  3904 | D:5      | Reached skill level 5 in Maces & Flails
  4198 | D:5      | Noticed Blork the orc
  4210 | D:5      | Killed Blork the orc
  4211 | D:5      | Noticed Pikel
  4227 | D:5      | Killed Pikel
  4228 | D:5      | Reached XP level 9. HP: 7/56 MP: 6/9
  4471 | D:5      | Found a staircase to the Ecumenical Temple.
  4750 | D:6      | Reached *** piety under Okawaru
  4832 | D:6      | Found a shimmering altar of Xom.
  4833 | D:6      | Found a hide-covered altar of Uskayaw.
  5058 | D:6      | Noticed Edmund
  5085 | D:6      | Killed Edmund
  5150 | D:6      | Found a runed translucent door.
  5150 | D:6      | Noticed Maggie
  5151 | D:6      | Noticed Crazy Yiuf
  5366 | D:6      | Killed Crazy Yiuf
  5378 | D:6      | Killed Maggie
  5379 | D:6      | Reached XP level 10. HP: 64/64 MP: 8/10
  5764 | D:6      | HP: 3/64 [steam dragon (3)]
  5893 | D:7      | Noticed a moth of wrath
  5893 | D:7      | Noticed NinjaNoafa's ghost (novice OpIE)
  5897 | D:7      | Found a bloodstained altar of Trog.
  6022 | D:7      | Reached **** piety under Okawaru
  6082 | D:7      | Noticed Duvessa
  6082 | D:7      | Noticed Dowan
  6095 | D:7      | Killed Duvessa
  6104 | D:7      | Killed Dowan
  6167 | D:7      | Found a snail-covered altar of Cheibriados.
  6366 | D:7      | Found a transporter.
  6371 | D:7      | Found a transporter.
  6683 | D:7      | Found a transporter.
  6683 | D:7      | Found a transporter.
  6771 | D:7      | Found a bloodstained altar of Trog.
  6887 | D:7      | Found a snail-covered altar of Cheibriados.
  7614 | D:8      | Found Ytwannos's Jewellery Shoppe.
  8766 | D:9      | Reached XP level 11. HP: 71/71 MP: 11/11
  8811 | D:10     | Entered Level 10 of the Dungeon
  8900 | D:10     | Reached ***** piety under Okawaru
  8921 | D:10     | Identified the amulet of Nomig {Spirit Harm Str+2 SInv}
  9082 | D:10     | Reached skill level 10 in Maces & Flails
  9157 | D:10     | Reached skill level 10 in Fighting
  9157 | D:10     | Reached skill level 10 in Armour
  9157 | D:10     | Reached skill level 10 in Shields
  9561 | D:11     | Noticed a brown ugly thing
  9570 | D:10     | Killed a brown ugly thing
  9655 | D:11     | Noticed a brown ugly thing
  9669 | D:11     | Killed a brown ugly thing
  9748 | D:10     | Killed from afar by a rime drake

Illustrated notes

Levels and vault maps discovered:
D:1:      kennysheep_arrival_seaside, layout_rooms,
          chequers_ecumenical_altar_island, serial_forest,
          infiniplex_forest_fountain, infiniplex_forest_corner_2,
          infiniplex_forest_lined_room_, infiniplex_forest_lined_3,
          infiniplex_forest_lined_room_, infiniplex_forest_straight_5
D:2:      layout_basic, serial_shops, nicolae_lakefront_shop, basic_altar
D:3:      layout_basic, kennysheep_okawaru_gauntlet, zin_angel, uniq_ijyb,
          uniq_robin, uniq_sigmund, uniq_grinder
D:4:      kennysheep_slugbush, layout_basic, lemuel_crystal_altar
D:5:      layout_loops_corners, minmay_temple_entry_mist, uniq_pikel,
          uniq_blork_the_orc
D:6:      layout_rooms, jmf_multi_god_temple, dk_noncrumbling_3,
          uniq_crazy_yiuf_cottage, uniq_maggie, uniq_edmund
D:7:      layout_basic, lemuel_tele_altar, gammafunk_ghost_wrathful_warriors,
          uniq_duvessa
D:8:      layout_cave_pods, serial_shops, shop, serial_bayou_ford_a
D:9:      layout_basic
D:10:     layout_basic
D:11:     layout_gridville, hellmonk_lair_entry_icy, eino_curves_04,
          uniq_josephine, uniq_maurice

Skill      XL: |  1  2  3  4  5  6  7  8  9 10 11 |
---------------+----------------------------------+-----
Fighting       | 4 5 6 8 9 10 | 10.3
Maces & Flails | 3 4 5 7 9 10 | 10.7
Armour         | 4 5 6 8 9 10 | 10.3
Shields        | 4 5 6 8 9 10 | 10.3

Action                   |  1- 3 |  4- 6 |  7- 9 | 10-12 || total
-------------------------+-------+-------+-------+-------++-------
Melee: Flail             |   141 |    73 |   146 |       ||   360
       Morningstar       |       |       |   231 |   444 ||   675
Throw: Dart              |     4 |     5 |     7 |     1 ||    17
Invok: Heroism           |       |       |     4 |     5 ||     9
  Use: Potion            |       |       |     1 |       ||     1
       Scroll            |       |       |     9 |     5 ||    14
Armor: Scale mail        |   126 |    51 |   107 |       ||   284
       Chain mail        |       |       |   189 |   437 ||   626
Dodge: Dodged            |    89 |    40 |   148 |   217 ||   494
Block: Buckler           |    32 |    20 |    87 |   157 ||   296

Table legend: (Time is in decaauts)
 A = Elapsed time spent in this place.
 B = Non-inter-level travel time spent in this place.
 C = Inter-level travel time spent in this place.
 D = Time resting spent in this place.
 E = Time spent auto-exploring this place.
 F = Levels seen in this place.
 G = Mean time per level.
                   A        B        C        D        E       F      G
               +--------+--------+--------+--------+--------+-----+--------+
         Total |   9971 |   9638 |    333 |   1347 |   5963 |  11 |  906.5 |
       Dungeon |   9971 |   9638 |    333 |   1347 |   5963 |  11 |  906.5 |
               +--------+--------+--------+--------+--------+-----+--------+

Top non-repeatable levels by time:
     D:7: 1514 daAuts
     D:3: 1308 daAuts
     D:5: 1138 daAuts
     D:6: 1133 daAuts
     D:8: 892 daAuts
     D:4: 820 daAuts
     D:2: 819 daAuts
     D:1: 774 daAuts
    D:10: 750 daAuts
     D:9: 640 daAuts
    D:11: 178 daAuts
